 Dungeon Crawl Stone Soup version 0.29.0-7-g18a832c13a (webtiles) character file.

Game seed: 2751308872701380836

62179 robertstho the Warrior (level 15, -6/121 HPs)
             Began as a Djinni Fire Elementalist on Aug 31, 2022.
             Was the Champion of Makhleb.
             Mangled by a very large slime creature (54 damage)
             ... on level 12 of the Dungeon.
             The game lasted 00:32:59 (20541 turns).

robertstho the Warrior (Djinni Fire Elementalist)  Turns: 20541, Time: 00:32:59

Health: -6/121     AC:  6    Str:  3    XL:     15   Next: 45%
Gold:   1811       EV: 17    Int: 36    God:    Makhleb [******] SH:  4 Dex: 11

rFire   + + .      SeeInvis .   s - +11 sling "Guqu" {vorpal, Will++ rCorr Str-4 Int+3 Stlth+}
rCold   . . .      Faith    .   w - +0 buckler of Valiance {rElec rCorr Dex-3 Slay-2}
rNeg    . . .      Spirit   .   v - +1 robe {rC+}
rPois   ∞          Reflect  .   M - +2 hat {Int+3}
rElec   +          Harm     .   (no cloak)
rCorr   +          Rampage  .   e - +0 pair of gloves
Will    +++..                   (boots unavailable)
Stlth   +++.......              I - amulet of regeneration
HPRegen 1.10/turn               f - +6 ring of intelligence
MPRegen 0.00/turn               h - +4 ring of evasion

@: freezing walls, flying, studying 2 skills
A: sickness immunity, fire resistance 2, cold vulnerability 1, float, innate
caster, HP casting, extra vitality 1
a: Renounce Religion, Minor Destruction, Lesser Servant of Makhleb, Major
Destruction, Greater Servant of Makhleb


You were on level 12 of the Dungeon.
You worshipped Makhleb.
Makhleb was exalted by your worship.
You visited 4 branches of the dungeon, and saw 20 of its levels.

You collected 2045 gold pieces.
You spent 234 gold pieces at shops.

Inventory:

Hand Weapons
 s - the +11 sling "Guqu" (weapon) {vorpal, Will++ rCorr Str-4 Int+3 Stlth+}
   (You found it on level 4 of the Dungeon)

   Any ammunition fired from it inflicts extra damage upon your enemies.
   Str:       It affects your strength (-4).
   Int:       It affects your intelligence (+3).
   rCorr:     It protects you from acid and corrosion.
   Will:      It greatly increases your willpower.
   Stlth:     It makes you more stealthy.
 F - a +4 scimitar of flaming
 P - the +8 flail "Xodil" {vamp, Int+6 Dex+3}
   (You found it on level 11 of the Dungeon)

   It occasionally heals its wielder for a portion of the damage dealt when it
   wounds a living foe.
   Int:       It affects your intelligence (+6).
   Dex:       It affects your dexterity (+3).
Armour
 e - a +0 pair of gloves (worn)
 v - a +1 robe of cold resistance (worn)
 w - the +0 buckler of Valiance (worn) {rElec rCorr Dex-3 Slay-2}
   (You acquired it on level 9 of the Dungeon)

   Dex:       It affects your dexterity (-3).
   Slay:      It affects your accuracy & damage with ranged weapons and melee
   (-2).
   rElec:     It insulates you from electricity.
   rCorr:     It protects you from acid and corrosion.
 J - a +1 robe of fire resistance
 M - a +2 hat of intelligence (worn)
 N - a +0 tower shield
Jewellery
 f - a +6 ring of intelligence (left hand)
 h - a +4 ring of evasion (right hand)
 k - a +6 ring of dexterity
 n - a +6 ring of dexterity
 H - a ring of ice
 I - an amulet of regeneration (around neck)
 L - a ring of ice
Wands
 o - a wand of acid (2)
 r - a wand of mindburst (15)
 t - a wand of flame (42)
 y - a wand of charming (13)
 D - a wand of iceblast (6)
 E - a wand of polymorph (18)
Scrolls
 a - 2 scrolls of silence
 b - a scroll of magic mapping
 c - 5 scrolls of enchant weapon
 g - 5 scrolls of immolation
 j - 8 scrolls of enchant armour
 p - 2 scrolls of blinking
 x - 2 scrolls of fog
 z - 8 scrolls of teleportation
 A - 2 scrolls of vulnerability
 C - a scroll of summoning
 G - 2 scrolls of poison
 K - a scroll of identify
 O - 2 scrolls of fear
Potions
 d - 5 potions of haste
 i - 2 potions of cancellation
 l - 2 potions of berserk rage
 m - a potion of invisibility
 q - 4 potions of might
 u - 6 potions of mutation
 B - a potion of brilliance


   Skills:
 * Level 16.3 Fighting
 + Level 1.0 Short Blades
 + Level 14.5 Ranged Weapons
 + Level 6.8 Dodging
 + Level 3.7 Stealth
 + Level 3.0 Shields
 * Level 10.6 Spellcasting
 * Level 8.1 Invocations
 + Level 0.6 Evocations


You couldn't memorise any spells.
You knew the following spells:

 Your Spells              Type           Power      Damage    Failure   Level
a - Foxfire               Conj/Fire      100%       2x1d9     1%          1
b - Scorch                Fire           100%       2d10      1%          2
c - Conjure Flame         Conj/Fire      77%        6-21      1%          3
d - Inner Flame           Hex/Fire       77%        N/A       1%          3
e - Flame Wave            Conj/Fire      77%        2d17      1%          4
f - Summon Small Mammal   Summ           100%       N/A       1%          1
g - Searing Ray           Conj           100%       2d8       1%          2
h - Frozen Ramparts       Ice            100%       1d16      1%          3
i - Vampiric Draining     Necr           77%        2d11      1%          3
j - Ice Form              Ice/Tmut       77%        N/A       1%          4
k - Summon Forest         Summ/Tloc      38%        N/A       1%          5
l - Starburst             Conj/Fire      38%        6d11      5%          6
Your spell library was empty.

Dungeon Overview and Level Annotations

Branches:
Dungeon (12/15)            Temple (1/1) D:5            Lair (5/5) D:9
 Shoals (0/4) Lair:3        Snake (0/4) Lair:3        Slime (0/5) Lair:5
    Orc (2/2) D:9             Elf (0/3) Orc:2

Altars:
Ashenzari
Cheibriados
Dithmenos
Elyvilon
Fedhas
Gozag
Hepliaklqana
Makhleb
Nemelex Xobeh
Okawaru
Qazlal
Ru
Trog
Uskayaw
Wu Jian
Xom
Yredelemnul
Zin
The Shining One

Shops:
D:10 :   Orc:1 *   Orc:2 *?(

Annotations:
D:5 3 runed translucent doors, Voxie's ghost, novice GrBe
D:9 2 runed translucent doors
D:11 2 transporters, Zeldest's ghost, journeyman NaTm
Lair:2 3 runed translucent doors, Affec's ghost, journeyman DjIE


Innate Abilities, Weirdness & Mutations

You are immune to sickness and miasma.
You are immune to poison.
Your flesh is very heat resistant. (rF++)
You are vulnerable to cold. (rC-)
You float through the air rather than walking.
You learn spells naturally, not from books.
Your magical power is your life essence.
You have superior vitality. (+4 MHP)


Message History

That beam is likely to hit you.
Continue anyway?
Okay, then.
Unknown command.
Unknown command.
Casting: Starburst (dangerous; 5% risk of failure)
Confirm with . or Enter, or press ? or * to list all spells.
Casting: Starburst (dangerous; 5% risk of failure)
Press: ? - help, Dir - look around, f - activate That beam is likely to hit you.
Continue anyway?
Okay, then.
Unknown command.
Unknown command.
Casting: Starburst (dangerous; 5% risk of failure)
Confirm with . or Enter, or press ? or * to list all spells.
Casting: Flame Wave (safe; 1% risk of failure)
Press: ? - help, Dir - look around, f - activate A wave of flame ripples out!
The flame wave engulfs the very large slime creature!
The very large slime creature is heavily wounded. (Press . to intensify the flame waves.)
The wall freezes the very large slime creature!
The very large slime creature hits you!!!
Ouch! That really hurt!
Unknown command.
Unknown command.
A wave of flame ripples out!
The flame wave engulfs the very large slime creature!
The very large slime creature is severely wounded.
The wall freezes the very large slime creature!
The very large slime creature closely misses you.
Unknown command.
Unknown command.
A wave of flame ripples out!
The flame wave engulfs the very large slime creature!!
The very large slime creature is almost dead.
You finish channelling waves of flame.
You hear a horrible gurgling sound!
The wall freezes the very large slime creature!
The very large slime creature hits you!!!
You die...

#...
#...##
#.....
....# ...#
..# #J#
#@# #.#
#.##
#######..#
.........#
########.#
#.# #.#
#.#


You could see a very large slime creature.

Vanquished Creatures
  Gastronok (D:10)
  Fannar (D:11)
  A boulder beetle (Lair:4)
  3 hydras
  Erica (D:8)
  2 two-headed ogres
  5 orc high priests (Orc:2)
  A goliath frog (Lair:5)
  8 orc knights
  An orange crystal statue (D:9)
  An oklob plant (Lair:3)
  A cyclops (D:11)
  3 orc sorcerers
  22 elephants
  A torpor snail (Lair:4)
  18 cane toads
  10 black mambas
  3 rime drakes
  8 komodo dragons
  2 tyrant leeches (Lair:5)
  3 trolls
  A polar bear (Lair:5)
  20 blink frogs
  A slime creature (D:12)
  A dream sheep (Lair:4)
  A hornet (D:8)
  2 wraiths
  A shadow (D:11)
  3 basilisks
  A wyvern (Lair:2)
  44 yaks
  A steam dragon (D:7)
  7 vampire mosquitoes
  Edmund (D:4)
  A warg (Orc:2)
  A naga (Lair:3)
  An acid dragon (D:10)
  9 water moccasins
  2 sky beasts (D:7)
  34 orc warriors
  A black bear (Lair:1)
  4 ice beasts
  7 ogres
  23 wolves
  A phantom (D:5)
  7 centaurs
  2 kobold brigands
  2 gnoll sergeants
  Blork the orc (D:5)
  2 necrophages
  18 bullfrogs
  6 scorpions
  8 wights
  5 killer bees (D:7)
  2 electric eels (Lair:5)
  2 hounds
  38 orc priests
  4 jellies
  Ijyb (D:4)
  4 iguanas
  20 orc wizards
  19 gnolls
  2 adders
  A white imp (D:7)
  2 worms (D:3)
  4 dart slugs
  72 orcs
  3 ball pythons
  4 bats
  6 endoplasms
  4 giant cockroaches
  5 goblins
  9 hobgoblins
  2 quokkas
  3 frilled lizards
  13 kobolds
  5 rats
  A bush (Lair:5)
541 creatures vanquished.

Vanquished Creatures (collateral kills)
  A hydra (Lair:2)
  4 yaks (Lair:2)
5 creatures vanquished.

Vanquished Creatures (others)
  316 foxfires
  32 fungi
  89 plants
  2 snaplasher vines (Lair:2)
439 creatures vanquished.

Grand Total: 985 creatures vanquished

Notes
Turn   | Place    | Note
-------+----------+-------------------------------------------
     0 | D:1      | robertstho the Djinni Fire Elementalist began the quest for
                  | the Orb.
     0 | D:1      | robertstho set off with the following spells memorised:
                  | Foxfire, Scorch, Conjure Flame, Inner Flame, Flame Wave.
     0 | D:1      | Reached XP level 1. HP: 15/15 MP: 0/0
   502 | D:1      | Reached XP level 2. HP: 10/22 MP: 0/0
  1216 | D:1      | Reached XP level 3. HP: 24/26 MP: 0/0
  1216 | D:1      | Learned a level 1 spell: Summon Small Mammal
  2410 | D:2      | Reached XP level 4. HP: 27/31 MP: 0/0
  2828 | D:2      | You are sucked into a shaft and drop 1 floor!
  3003 | D:3      | Reached skill level 1 in Fighting
  3010 | D:3      | Reached XP level 5. HP: 9/37 MP: 0/0
  3010 | D:3      | Learned a level 2 spell: Searing Ray
  4148 | D:3      | Reached XP level 6. HP: 42/42 MP: 0/0
  4626 | D:4      | Noticed Ijyb
  4633 | D:4      | Killed Ijyb
  4962 | D:4      | Noticed Edmund
  4971 | D:4      | Killed Edmund
  4972 | D:4      | Reached skill level 5 in Spellcasting
  4972 | D:4      | Reached XP level 7. HP: 30/48 MP: 0/0
  4972 | D:4      | Learned a level 3 spell: Frozen Ramparts
  5106 | D:4      | Identified the +11 sling "Guqu" {vorpal, Will++ rCorr Str-4
                  | Int+3 Stlth+}
  5248 | D:5      | Entered Level 5 of the Dungeon
  5248 | D:5      | Noticed Blork the orc
  5254 | D:5      | Killed Blork the orc
  5255 | D:5      | Reached skill level 2 in Fighting
  5267 | D:5      | Reached skill level 1 in Short Blades
  5317 | D:5      | Reached XP level 8. HP: 53/55 MP: 0/0
  5331 | D:5      | Reached skill level 3 in Fighting
  5561 | D:5      | Found a staircase to the Ecumenical Temple.
  5798 | Temple   | Entered the Ecumenical Temple
  6077 | D:5      | Noticed Voxie's ghost (novice GrBe)
  6102 | D:5      | Found a runed translucent gate.
  6102 | D:5      | Found a runed translucent gate.
  6102 | D:5      | Found a runed translucent gate.
  6694 | D:5      | Noticed a rust devil
  6694 | D:5      | Noticed a rust devil
  6776 | D:6      | Found a hide-covered altar of Uskayaw.
  6826 | D:6      | Found a sacrificial altar of Ru.
  7026 | D:6      | Reached skill level 1 in Ranged Weapons
  7314 | D:6      | Reached skill level 4 in Fighting
  7314 | D:6      | Reached XP level 9. HP: 62/62 MP: 0/0
  7314 | D:6      | Learned a level 3 spell: Vampiric Draining
  7910 | D:7      | Found a hazy altar of Hepliaklqana.
  7911 | D:7      | Found a snail-covered altar of Cheibriados.
  7971 | D:7      | Reached skill level 5 in Fighting
  8020 | D:7      | Noticed a troll
  8024 | D:7      | Killed a troll
  8412 | D:7      | Reached skill level 5 in Ranged Weapons
  8525 | D:7      | Reached XP level 10. HP: 70/70 MP: 0/0
  8755 | D:8      | Noticed Erica
  8764 | D:8      | Killed Erica
  8942 | D:8      | Found a burning altar of Makhleb.
  8950 | D:8      | Reached skill level 6 in Fighting
  8979 | D:8      | Became a worshipper of Makhleb the Destroyer
  9133 | D:8      | Reached skill level 1 in Invocations
  9761 | D:9      | Noticed a komodo dragon
  9764 | D:9      | Noticed a komodo dragon
  9777 | D:9      | Killed a komodo dragon
  9779 | D:9      | Killed a komodo dragon
  9986 | D:9      | Reached * piety under Makhleb
 10067 | D:9      | Reached XP level 11. HP: 65/78 MP: 0/0
 10067 | D:9      | Learned a level 4 spell: Ice Form
 10132 | D:9      | Found a runed translucent door.
 10146 | D:9      | Found a runed translucent door.
 10161 | D:9      | Found a runed translucent door.
 10192 | D:9      | Found a runed translucent door.
 10194 | D:9      | Noticed a two-headed ogre
 10205 | D:9      | Killed a two-headed ogre
 10206 | D:9      | Reached skill level 7 in Fighting
 10595 | D:9      | Found a staircase to the Orcish Mines.
 10978 | D:9      | Found a staircase to the Lair.
 11096 | D:9      | Noticed an orange crystal statue
 11194 | D:9      | Noticed a two-headed ogre
 11212 | D:9      | Killed an orange crystal statue
 11222 | D:9      | Identified 2 scrolls of acquirement
 11223 | D:9      | Acquired a manual of Fighting
 11225 | D:9      | Acquired the +0 buckler of Valiance {rElec rCorr Dex-3
                  | Slay-2}
 11274 | D:10     | Entered Level 10 of the Dungeon
 11677 | D:10     | Noticed Gastronok
 11693 | D:10     | Killed Gastronok
 11694 | D:10     | Reached skill level 8 in Fighting
 11876 | D:10     | Found Qoabber's Tremendous Tomes.
 12231 | D:10     | Reached ** piety under Makhleb
 12496 | D:11     | Reached XP level 12. HP: 60/88 MP: 0/0
 12600 | D:11     | Reached skill level 9 in Fighting
 12777 | D:11     | Identified the +8 flail "Xodil" {vamp, Int+6 Dex+3}
 12841 | D:11     | Noticed a two-headed ogre
 12848 | D:11     | Killed a two-headed ogre
 12849 | D:11     | Reached skill level 10 in Fighting
 12857 | D:11     | Noticed a two-headed ogre
 12865 | D:11     | Noticed a tengu warrior
 12874 | D:11     | Found a bloodstained altar of Trog.
 12874 | D:11     | Noticed a two-headed ogre
 12876 | D:11     | Noticed Zeldest's ghost (journeyman NaTm)
 12881 | D:11     | Found a transporter.
 12886 | D:11     | Found a transporter.
 13339 | D:11     | Noticed Fannar
 13350 | D:11     | Killed Fannar
 13551 | Lair:1   | Entered Level 1 of the Lair of Beasts
 13750 | Lair:1   | Reached skill level 5 in Invocations
 13826 | Lair:1   | Reached skill level 11 in Fighting
 13921 | Lair:1   | Reached skill level 10 in Ranged Weapons
 13923 | Lair:1   | Reached *** piety under Makhleb
 14137 | Lair:1   | Noticed a seven-headed hydra
 14144 | Lair:1   | Killed a seven-headed hydra
 14266 | Lair:1   | Acquired a manual of Ranged Weapons
 14303 | Lair:2   | Reached XP level 13. HP: 87/100 MP: 0/0
 14303 | Lair:2   | Learned a level 5 spell: Summon Forest
 14303 | Lair:2   | Noticed a five-headed hydra
 14316 | Lair:2   | Killed a five-headed hydra
 14344 | Lair:2   | Acquired a manual of Shields
 14385 | Lair:2   | Noticed Affec's ghost (journeyman DjIE)
 14387 | Lair:2   | Noticed a minotaur
 14387 | Lair:2   | Noticed a catoblepas
 14404 | Lair:2   | Found a runed translucent gate.
 14404 | Lair:2   | Found a runed translucent gate.
 14404 | Lair:2   | Found a runed translucent gate.
 14990 | Lair:3   | Found a staircase to the Shoals.
 15001 | Lair:3   | HP: 5/100 [centaur/arrow (9)]
 15128 | Lair:3   | Reached skill level 12 in Fighting
 15358 | Lair:3   | Found a staircase to the Snake Pit.
 15725 | Lair:3   | Identified the +1 plate armour of the Manifold Curses {Fly
                  | rElec rC+ Str+2}
 15976 | Lair:4   | Reached skill level 1 in Shields
 15979 | Lair:4   | Reached skill level 5 in Dodging
 16397 | Lair:4   | Reached skill level 13 in Fighting
 16488 | Lair:4   | Reached **** piety under Makhleb
 16694 | Lair:4   | Noticed a boulder beetle
 16711 | Lair:4   | Noticed a four-headed hydra
 16724 | Lair:4   | Killed a four-headed hydra
 16756 | Lair:4   | Killed a boulder beetle
 16899 | Lair:4   | Reached XP level 14. HP: 90/111 MP: 0/0
 17145 | Lair:5   | Entered Level 5 of the Lair of Beasts
 17183 | Lair:5   | Reached skill level 14 in Fighting
 17483 | Lair:5   | Reached skill level 10 in Spellcasting
 17628 | Lair:5   | Found a staircase to the Slime Pits.
 17721 | Lair:5   | Reached ***** piety under Makhleb
 17787 | Lair:5   | Reached skill level 15 in Fighting
 18670 | Orc:1    | Entered Level 1 of the Orcish Mines
 18827 | Orc:1    | Found Qirret's Mass Market.
 19166 | Orc:2    | Entered Level 2 of the Orcish Mines
 19166 | Orc:2    | Found a staircase to the Elven Halls.
 19174 | Orc:2    | Reached XP level 15. HP: 117/121 MP: 0/0
 19174 | Orc:2    | Learned a level 6 spell: Starburst
 19597 | Orc:2    | Reached skill level 16 in Fighting
 19613 | Orc:2    | Reached ****** piety under Makhleb
 20058 | Orc:2    | Found Onun Tae's Armour Emporium.
 20061 | Orc:2    | Found Rucs's Magic Scroll Shoppe.
 20062 | Orc:2    | Found Ucefinoq's General Store.
 20063 | Orc:2    | Found Irazuck's Antique Weapon Emporium.
 20066 | Orc:2    | Bought a scroll of fear for 48 gold pieces
 20066 | Orc:2    | Bought a scroll of magic mapping for 90 gold pieces
 20066 | Orc:2    | Bought a scroll of identify for 24 gold pieces
 20218 | Orc:1    | Bought a +0 tower shield for 72 gold pieces
 20541 | D:12     | Mangled by a very large slime creature

Illustrated notes

Levels and vault maps discovered:
D:1:      kilobyte_arrival_exit_the_forest, layout_basic
D:2:      layout_basic, serial_curves, eino_curves_04, eino_curves_02,
          serial_park_tiny_pond
D:3:      minmay_evil_eye, layout_loops_corners
D:4:      layout_rooms, uniq_ijyb, uniq_edmund
D:5:      cheibrodos_iron_armory, layout_basic, minmay_temple_entry_trees,
          gammafunk_ghost_icy, uniq_blork_the_orc
D:6:      layout_loops_ring, grunt_temple_overflow_open
D:7:      wander_river, layout_loops_corners, mainiacjoe_overflow_catch_the_wave
D:8:      layout_basic, lemuel_tele_altar, serial_curves, eino_curves_01,
          eino_curves_02, hangedman_decor_push, uniq_erica
D:9:      layout_loops_cross, grunt_lair_entry_orc_guard_hut, orc_0_dummy,
          minmay_crystal_room, minmay_statue_crystal_thing
D:10:     layout_basic, hangedman_decor_diamond_cutter,
          nicolae_shop_i_like_big_books, uniq_gastronok
D:11:     nicolae_BIG_FREAKIN_CUBE, layout_loops_corners,
          gammafunk_ghost_wrathful_warriors, uniq_fannar
D:12:     layout_irregular_city, grunt_decor_arrowhead, uniq_sonja
Temple:   bh_familiar_temple
Lair:1:   layout_regular_city, infiniplex_staircase_pool_2
Lair:2:   layout_small_grid, maelrawn_ghost_gauntlet_escape, lemuel_fruit_fields
Lair:3:   layout_cave_pods, minmay_shoals_entry_centaurs,
          guppyfry_snake_entry_island
Lair:4:   nzn_winding_woodlands_medium [nzn_winding_woodlands_5x5_perimeter,
          nzn_winding_woodlands_5x15_pool, nzn_winding_woodlands_5x5_cross,
          nzn_winding_woodlands_5x5_checkerboard,
          nzn_winding_woodlands_center_pierced_h,
          nzn_winding_woodlands_5x5_default, nzn_winding_woodlands_5x5_default,
          nzn_winding_woodlands_5x15_cabin, nzn_winding_woodlands_5x5_default],
          layout_layer_cave, columned_hall_lemuel
Lair:5:   minmay_lair_end_frog_pond, layout_cave_shapes, dpeg_slime_entry_corner
Orc:1:    layout_caves, minmay_shop_mass
Orc:2:    st_orc_pillars, layout_caves, nicolae_orc_tapped_out

Skill      XL: |  1  2  3  4  5  6  7  8  9 10 11 12 13 14 15 |
---------------+----------------------------------------------+-----
Spellcasting   | 3 4 5 6 7 8 9 10 | 10.6
Fighting       | 1 2 4 5 6 8 11 13 15 16 | 16.3
Stealth        | 2 3 |  3.7
Short Blades   | 1 |  1.0
Ranged Weapons | 2 5 7 9 10 12 14 | 14.5
Dodging        | 3 4 5 6 |  6.8
Invocations    | 2 4 5 6 7 8 |  8.1
Shields        | 1 2 3 |  3.0
Evocations     | |  0.6

Action                   |  1- 3 |  4- 6 |  7- 9 | 10-12 | 13-15 || total
-------------------------+-------+-------+-------+-------+-------++-------
Melee: Dagger            |       |    25 |       |       |       ||    25
       Sling             |       |       |     3 |       |       ||     3
 Fire: Sling             |       |       |   124 |   444 |   816 ||  1384
 Cast: Foxfire           |    94 |    72 |    25 |       |       ||   191
       Scorch            |     1 |    26 |    19 |    17 |    22 ||    85
       Searing Ray       |       |     1 |       |       |     2 ||     3
       Conjure Flame     |       |     2 |       |       |       ||     2
       Flame Wave        |       |       |     4 |    14 |    38 ||    56
       Frozen Ramparts   |       |       |       |    11 |    17 ||    28
       Summon Forest     |       |       |       |       |     1 ||     1
       Starburst         |       |       |       |       |     8 ||     8
Evoke: Wand              |       |       |       |       |     5 ||     5
  Use: Scroll            |     3 |       |    10 |    14 |     8 ||    35
       Potion            |       |       |     3 |     1 |     6 ||    10
 Stab: Distracted        |       |     1 |       |       |       ||     1
       Sleeping          |       |     1 |       |       |       ||     1
Armor: Robe              |     4 |     3 |    10 |    20 |    59 ||    96
Dodge: Dodged            |     9 |    13 |    32 |   168 |   281 ||   503
Block: Buckler           |       |       |       |    12 |    58 ||    70
